 Dungeon Crawl Stone Soup version 0.31.0-32-g396128a36d (webtiles) character file.

Game seed: 1904237547940932761

12425 Econoterrorist the Carver (level 11, -10/97 HPs)
             Began as a Minotaur Fighter on Apr 8, 2024.
             Was a High Priest of Okawaru.
             Hit by a silver javelin thrown by Urug (17 damage)
             ... on level 10 of the Dungeon.
             The game lasted 00:24:12 (11608 turns).

Econoterrorist the Carver (Minotaur Fighter)       Turns: 11608, Time: 00:24:12

Health: -10/97     AC: 12    Str: 21    XL:     11   Next: 62%
Magic:  3/3        EV: 11    Int:  5    God:    Okawaru [*****.]
Gold:   922        SH:  7    Dex: 17    Spells: 10/10 levels left

rFire   . . .        H - +9 rapier of Theory {antimagic, rN+ Dex+3}
rCold   . . .        c - +0 buckler
rNeg    + + .        K - +0 steam dragon scales
rPois   .            (helmet restricted)
rElec   .            p - +2 cloak {Will+}
rCorr   .            A - +1 pair of gloves
SInv    .            (no boots)
Will    +....        h - amulet of magic regeneration
Stlth   ++           y - ring of positive energy
HPRegen 0.36/turn    C - +4 ring of slaying
MPRegen 0.48/turn

%: no passive effects
@: no status effects
A: horns 2, retaliatory headbutt
a: Renounce Religion, Heroism, Finesse, Duel


You were on level 10 of the Dungeon.
You worshipped Okawaru.
Okawaru was extremely pleased with you.
You visited 3 branches of the dungeon, and saw 13 of its levels.

You collected 922 gold pieces.

Inventory:

Hand Weapons
 H - the +9 rapier of Theory (weapon) {antimagic, rN+ Dex+3}
   (You found it on level 9 of the Dungeon)

   Dex+3:     It affects your dexterity (+3).
   rN+:       It protects you from negative energy.
Armour
 c - a +0 buckler (worn)
 p - a +2 cloak of willpower (worn)
 A - a +1 pair of gloves (worn)
 K - +0 steam dragon scales (worn)
Jewellery
 h - an amulet of magic regeneration (around neck)
 y - a ring of positive energy (left hand)
 C - a +4 ring of slaying (right hand)
Wands
 e - a wand of light (3)
 s - a wand of digging (2)
 D - a wand of charming (12)
 F - a wand of roots (11)
 G - a wand of flame (24)
Scrolls
 f - 7 scrolls of identify {unknown}
 k - 3 scrolls of fog {unknown}
 l - 3 scrolls of blinking {unknown}
 m - 5 scrolls of immolation {unknown}
 n - a scroll of poison {unknown}
 o - 2 scrolls of revelation {unknown}
 q - 3 scrolls of summoning {unknown}
 r - 4 scrolls of teleportation {unknown}
 u - 2 scrolls of fear {unknown}
 E - a scroll of enchant weapon {unknown}
 J - a scroll of amnesia {unknown}
Potions
 a - a potion of heal wounds {unknown}
 d - 2 potions of might
 g - a potion of berserk rage {unknown}
 i - a potion of enlightenment {unknown}
 j - a potion of brilliance {unknown}
 t - a potion of attraction {unknown}
 v - 2 potions of mutation {unknown}
 w - a potion of cancellation {unknown}
 x - 2 potions of magic {unknown}
 z - a potion of degeneration {unknown}
 B - a potion of experience {unknown}
Miscellaneous
 I - a lightning rod (2/4)


   Skills:
 - Level 9.4 Fighting
 - Level 9.9(12.0) Short Blades
 - Level 11.7(13.5) Long Blades
 - Level 9.4 Armour
 - Level 9.4 Shields
 + Level 4.2 Evocations


You had 10 spell levels left.
You didn't know any spells.
Your spell library contained the following spells:

 Spells                   Type           Power      Damage    Failure   Level
 Foxfire                  Conj/Fire      0%         2x1d4     52%         1
 Fugue of the Fallen      Necr           0%         N/A       88%         3
 Ozocubu's Armour         Ice            0%         N/A       88%         3
 Sigil of Binding         Hex            0%         N/A       88%         3
 Dimensional Bullseye     Hex/Tloc       0%         N/A       99%         4
 Manifold Assault         Tloc           0%         N/A       99%         4
 Plasma Beam              Fire/Air       0%         2x1d10    100%        6
 Starburst                Conj/Fire      0%         6d3       100%        6
 Call Canine Familiar     Summ           Unusable   N/A       N/A         3

Dungeon Overview and Level Annotations

Branches:
Dungeon (10/15)            Temple (1/1) D:5            Lair (2/5) D:8
 Spider (0/4) Lair:2
  Swamp: Lair:2-3    Shoals: Lair:2-3       Orc: D:9-12

Altars:
Ashenzari
Cheibriados
Dithmenos
Elyvilon
Fedhas
Gozag
Hepliaklqana
Kikubaaqudgha
Makhleb
Nemelex Xobeh
Okawaru
Qazlal
Ru
Sif Muna
Trog
Uskayaw
Vehumet
Wu Jian
Xom
The Shining One

Shops:
D:7 (   D:8 :

Annotations:
D:7 2 transporters
D:9 3 runed translucent doors, exclusion: obsidian statue, MrSnuffleupagus's ghost, novice DrSh
D:10 Urug


Innate Abilities, Weirdness & Mutations

You have a pair of horns on your head.
You reflexively headbutt those who attack you in melee.


Message History

Okawaru accepts your kill.
Your lightning rod (2/4) has regained one charge.
Your Evocations skill increases to level 4!
You start resting.
HP restored.
There is a stone staircase leading up here.
You climb upwards.
There is a stone staircase leading down here.
There is a staircase back to the Dungeon here.
You climb upwards.
Welcome back to the Dungeon!
There is a staircase to the Lair here.
There is a stone staircase leading down here.
You climb downwards.
Level annotation: 3 runed translucent doors, exclusion: obsidian statue, MrSnuffleupagus's ghost, novice DrSh
There is a stone staircase leading up here.
There is a stone staircase leading down here.
You climb downwards.
There is a stone staircase leading up here.
Urug the Orcish Ballista comes into view.
She is wielding a +2 battleaxe of flaming, wearing a +0 ring mail of cold resistance, quivering silver javelins and carrying a wand of light.
Urug shouts!
Urug throws a silver javelin.
The silver javelin pierces through you.
Urug hits you with a +2 battleaxe of flaming!
Urug burns you.
You puncture Urug!
Urug is moderately wounded.
Urug hits you with a +2 battleaxe of flaming!!
Urug burns you!
You barely miss Urug.
Urug is moderately wounded.
You barely miss Urug. You headbutt Urug!
Urug is heavily wounded.
Urug hits you with a +2 battleaxe of flaming!!
* * * LOW HITPOINT WARNING * * *
Urug burns you!
* * * LOW HITPOINT WARNING * * *
Okay, then.
Urug attacks as she pursues you! You block Urug's attack.
Urug throws a silver javelin.
The silver javelin pierces through you!
You die...
Urug screams, "Revenge at last!"

####.####
#.......#
#..#.##.#
#...<.#.#
+........#.##
####........#
#..##.##.#
#.##..##.# #.
#.###@#
#.##.###.#
#......o.#
####.##### #.
#. .. ##


You could see Urug.

Vanquished Creatures
  A hydra (Lair:2)
  A pharaoh ant (Lair:2)
  Pikel (D:8)
  4 cane toads
  2 black mambas (Lair:1)
  The ghost of fasolt the Caller, a novice FeSu (D:6)
  Maggie (Lair:2)
  A rime drake (Lair:2)
  2 komodo dragons
  A tarantella (Lair:2)
  Grinder (D:6)
  A hornet (D:7)
  4 polar bears
  A jumping spider (Lair:2)
  A shadow (D:9)
  2 wyverns (D:9)
  A basilisk (Lair:1)
  6 yaks (D:7)
  A redback (Lair:2)
  6 water moccasins
  An orc warrior (D:9)
  5 ice beasts
  2 black bears
  2 centaurs
  An ogre (D:6)
  3 lemures (D:8)
  5 phantoms
  A kobold brigand (D:8)
  8 bullfrogs
  5 scorpions
  5 wights (D:9)
  2 water moccasin skeletons (D:5)
  6 killer bees (D:9)
  A howler monkey (D:7)
  3 bullfrog zombies (D:5)
  A bombardier beetle (D:5)
  A jelly (D:7)
  10 hounds
  A bullfrog skeleton (D:5)
  A gnoll bouda (D:8)
  4 orc priests
  A scorpion zombie (D:5)
  2 iguanas
  Crazy Yiuf (D:3)
  5 orc wizards
  2 hound zombies (D:5)
  Robin (D:2)
  A howler monkey zombie (D:5)
  6 gnolls
  8 adders
  4 white imps
  2 ufetubi (D:5)
  3 dart slugs
  2 ribbon worms (D:3)
  21 orcs
  11 bats
  8 endoplasms
  4 giant cockroaches
  8 hobgoblins
  7 jackals
  3 quokkas
  11 ball pythons
  2 frilled lizards (D:2)
  21 goblins
  9 kobolds
  A rat (D:3)
251 creatures vanquished.

Notes
Turn   | Place    | Note
-------+----------+-------------------------------------------
     0 | D:1      | Econoterrorist the Minotaur Fighter began the quest for the
                  | Orb.
     0 | D:1      | Reached XP level 1. HP: 19/19 MP: 0/0
   100 | D:1      | Reached skill level 3 in Long Blades
   142 | D:1      | Reached XP level 2. HP: 25/26 MP: 1/1
   227 | D:1      | Reached skill level 4 in Long Blades
   392 | D:1      | Reached XP level 3. HP: 31/31 MP: 2/2
   753 | D:2      | Reached skill level 5 in Long Blades
   768 | D:2      | Found a faded altar of an unknown god.
   963 | D:3      | Noticed Robin
   986 | D:2      | Reached XP level 4. HP: 10/39 MP: 3/3
  1108 | D:2      | Killed Robin
  1209 | D:3      | Found a white marble altar of Elyvilon.
  1209 | D:3      | Found a shimmering blue altar of Sif Muna.
  1336 | D:3      | Reached skill level 6 in Long Blades
  1614 | D:3      | Reached XP level 5. HP: 44/45 MP: 4/4
  1769 | D:3      | Found a runed translucent door.
  1770 | D:3      | Noticed Crazy Yiuf
  1775 | D:3      | Killed Crazy Yiuf
  1793 | D:3      | Identified the +8 hammer "Ipuaddal" {drain, ^Drain rElec
                  | Str+8 Int-4}
  1841 | D:3      | Noticed a phantom
  1866 | D:3      | Killed a phantom
  1867 | D:3      | Reached skill level 7 in Long Blades
  1952 | D:3      | Reached XP level 6. HP: 49/51 MP: 5/5
  1959 | D:3      | Reached skill level 8 in Long Blades
  2138 | D:4      | Found a shadowy altar of Dithmenos.
  2320 | D:4      | Found a hazy altar of Hepliaklqana.
  2754 | D:4      | Reached XP level 7. HP: 59/59 MP: 6/6
  3069 | D:5      | Entered Level 5 of the Dungeon
  3299 | D:5      | Reached skill level 5 in Fighting
  3299 | D:5      | Reached skill level 5 in Armour
  3299 | D:5      | Reached skill level 5 in Shields
  3312 | D:5      | Reached skill level 9 in Long Blades
  3326 | D:5      | Found a staircase to the Ecumenical Temple.
  3343 | D:5      | Reached XP level 8. HP: 48/69 MP: 7/7
  3351 | Temple   | Entered the Ecumenical Temple
  3356 | Temple   | Became a worshipper of Warmaster Okawaru
  3692 | D:5      | Reached * piety under Okawaru
  3972 | D:6      | Noticed Grinder
  3979 | D:6      | Killed Grinder
  4042 | D:6      | Found a burning altar of Makhleb.
  4051 | D:6      | Found a stormy altar of Qazlal.
  4052 | D:6      | You fall into a shaft and drop 3 floors!
  4106 | D:9      | Reached skill level 10 in Long Blades
  4207 | D:9      | Reached XP level 9. HP: 57/79 MP: 8/8
  4317 | D:9      | Reached ** piety under Okawaru
  4341 | D:9      | HP: 3/79 [poisoned by a killer bee]
  4700 | D:8      | Found Wumaf's Book Emporium.
  5166 | D:8      | Found a staircase to the Lair.
  5184 | D:7      | Found a transporter.
  5187 | D:7      | Noticed a seven-headed hydra
  5269 | D:7      | Found a sparkling altar of Nemelex Xobeh.
  5269 | D:7      | Found a transporter.
  5343 | D:7      | Found an ornate altar of the Wu Jian Council.
  5610 | D:7      | Reached *** piety under Okawaru
  5623 | D:7      | Reached skill level 11 in Long Blades
  5875 | D:7      | Found an opulent altar of Gozag.
  5958 | D:7      | Found Atuaph's Weapon Boutique.
  5958 | D:7      | Noticed a +0 giant club
  6000 | D:7      | Reached XP level 10. HP: 62/90 MP: 9/9
  6656 | D:6      | Noticed fasolt's ghost (novice FeSu)
  6660 | D:6      | Found a runed translucent door.
  6686 | D:6      | Killed fasolt's ghost
  7096 | D:8      | Reached **** piety under Okawaru
  7621 | D:8      | Noticed Pikel
  7637 | D:8      | Killed Pikel
  7935 | D:9      | Found a runed translucent gate.
  7935 | D:9      | Found a runed translucent gate.
  7935 | D:9      | Found a runed translucent gate.
  7938 | D:9      | Found an opulent altar of Gozag.
  7938 | D:9      | Noticed a centaur warrior
  7939 | D:9      | Noticed an obsidian statue
  7939 | D:9      | Noticed MrSnuffleupagus's ghost (novice DrSh)
  7941 | D:9      | Identified the +9 rapier of Theory {antimagic, rN+ Dex+3}
  8334 | D:9      | Reached skill level 1 in Short Blades
  8582 | D:10     | Entered Level 10 of the Dungeon
  8616 | Lair:1   | Entered Level 1 of the Lair of Beasts
  8802 | Lair:1   | Reached skill level 5 in Short Blades
  8971 | Lair:1   | Noticed a cane toad
  8979 | Lair:1   | Killed a cane toad
  9083 | Lair:1   | Noticed a black mamba
  9091 | Lair:1   | Killed a black mamba
  9290 | Lair:1   | Noticed a cane toad
  9295 | Lair:1   | Killed a cane toad
  9295 | Lair:1   | Reached ***** piety under Okawaru
  9296 | Lair:1   | Reached XP level 11. HP: 84/97 MP: 3/10
  9673 | Lair:1   | Received a gift from Okawaru
  9940 | Lair:2   | Noticed a pharaoh ant
  9957 | Lair:2   | Killed a pharaoh ant
 10201 | Lair:2   | Found a hole to the Spider Nest.
 10346 | Lair:2   | Received a gift from Okawaru
 10360 | Lair:2   | Noticed a six-headed hydra
 10372 | Lair:2   | Killed a six-headed hydra
 10999 | Lair:2   | Noticed Maggie
 11025 | Lair:2   | Killed Maggie
 11597 | D:10     | Noticed Urug
 11608 | D:10     | Hit by a silver javelin thrown by Urug

Illustrated notes

Levels and vault maps discovered:
D:1:      minmay_arrival_hallway, layout_rooms, fountainhead
D:2:      layout_rooms, shapermc_ecumenical_altar_mp_urbaneastern
D:3:      layout_loops_cross, jmf_multi_god_temple, cheibrodos_gnoll_hut,
          uniq_crazy_yiuf_cottage, uniq_robin
D:4:      layout_cave_pods, mainiacjoe_overflow_concentric_impassable,
          nicolae_dithmenos_the_darkroom
D:5:      layout_rooms, temple_fountains, serial_undead, serial_undead_a,
          serial_undead_d, serial_undead_a, serial_undead_d,
          supply_closet_lemuel, minmay_crystal_room
D:6:      layout_loops_cross, mainiacjoe_overflow_large_starburst,
          hellmonk_ghost_happy_afterlife, uniq_grinder
D:7:      layout_loops_corners, lemuel_doored_altar, grunt_gozag_breadcrumbs,
          gammafunk_temple_overflow_arena, serial_shops, nicolae_shop_mannequins
D:8:      layout_cave_pods, lair_entry_dummy, serial_shops, shop, uniq_pikel
D:9:      layout_loops_corners, ebering_ghost_gozag,
          eino_small_chamber_without_monster, chequers_serial_rivers_micro_c
D:10:     layout_loops_corners, minitemple, serial_shops, nicolae_shop_stone,
          minmay_shop_mass, uniq_urug
Temple:   minmay_freezing_vapour_temple
Lair:1:   layout_cave_pods, st_stairs_10
Lair:2:   layout_roguey, nicolae_spider_entry_lesser_pyramids,
          grunt_forest_large_clearings, uniq_maggie

Skill      XL: |  1  2  3  4  5  6  7  8  9 10 11 |
---------------+----------------------------------+-----
Long Blades    | 3 4 5 6 7 8 9 10 11 | 11.7
Fighting       | 4 5 7 8 9 |  9.4
Armour         | 4 5 7 8 9 |  9.4
Shields        | 4 5 7 8 9 |  9.4
Short Blades   | 6 9 |  9.9
Evocations     | 4 |  4.2

Action                     |  1- 3 |  4- 6 |  7- 9 | 10-12 || total
---------------------------+-------+-------+-------+-------++-------
  Melee: Long sword        |   130 |   167 |   339 |   109 ||   745
         Headbutt          |    12 |    24 |    64 |    66 ||   166
         Rapier            |       |       |       |   156 ||   156
 Invoke: Heroism           |       |       |       |     2 ||     2
  Evoke: Lightning rod     |       |       |       |     4 ||     4
    Use: Potion            |       |       |     1 |     3 ||     4
 Armour: Scale mail        |   118 |   104 |   249 |   190 ||   661
         Steam dragon scal |       |       |       |     9 ||     9
  Dodge: Dodged            |    79 |    76 |   125 |    81 ||   361
  Block: Buckler           |    34 |    31 |    78 |    67 ||   210
